 Dungeon Crawl Stone Soup version 0.17.1-3-g152610e (webtiles) character file.

168 Gargoyl the Skirmisher (level 5, -1/42 HPs)
             Began as a Demonspawn Abyssal Knight on Mar 8, 2016.
             Was a Believer of Lugonu.
             Killed by divine providence
             ... invoked by an orc priest
              (9 damage)
             ... on level 3 of the Dungeon.
             The game lasted 00:06:08 (3945 turns).

Gargoyl the Skirmisher (Demonspawn Abyssal Knight)  Turns: 3945, Time: 00:06:08

Health: -1/42      AC:  5    Str: 13    XL:     5   Next: 23%
Magic:  7/7        EV: 13    Int: 14    God:    Lugonu [**....]
Gold:   48         SH:  0    Dex: 12    Spells: 0 memorised, 4 levels left

rFire  . . .     SeeInvis .     g - +1 hand axe (flame)
rCold  + . .     Clarity  .     k - +0 ring mail
rNeg   . . .     SustAt   .     (no shield)
rPois  .         Gourm    .     (no helmet)
rElec  .         Spirit   .     (no cloak)
rCorr  .         Warding  .     (no gloves)
rMut   .         Stasis   .     (no boots)
MR     .....                    t - amulet of inaccuracy (curse)
Stlth  +.........               (no ring)
                                s - ring of protection from cold

@: not resistant to hostile enchantments, very unstealthy
A: repulsion field 1, demonic guardian 1
a: Depart the Abyss, Bend Space, Renounce Religion


You were on level 3 of the Dungeon.
You worshipped Lugonu.
Lugonu was pleased with you.
You were not hungry.

You visited 1 branch of the dungeon, and saw 3 of its levels.
You visited the Abyss 1 time.

You collected 48 gold pieces.

Inventory:

Hand Weapons
 a - a +0 war axe
 g - a +1 hand axe of flaming (weapon)
Armour
 k - a +0 ring mail (worn)
Jewellery
 s - a ring of protection from cold (left hand)
 t - a cursed amulet of inaccuracy (around neck)
Scrolls
 e - a scroll of teleportation
 l - a scroll of identify
 q - a scroll of recharging
Potions
 b - a potion of flight {unknown}
 d - a potion of heal wounds {unknown}
 i - a potion of brilliance {unknown}
 n - 2 potions of ambrosia {unknown}
Comestibles
 c - a bread ration
 h - 2 slices of pizza
 o - 2 meat rations


   Skills:
 + Level 3.8 Fighting
 + Level 2.1 Axes
 + Level 3.1 Armour
 + Level 2.6 Dodging
 + Level 0.2 Stealth
 + Level 2.9 Invocations


You had 4 spell levels left.
You didn't know any spells.

Dungeon Overview and Level Annotations

Branches:
Dungeon (3/15)

Altars:
Sif Muna
Trog
Xom
Yredelemnul


Innate Abilities, Weirdness & Mutations

You are surrounded by a mild repulsion field (EV +2).
A weak demonic guardian rushes to your aid.


Message History

Eat which item? (? for menu, Esc to quit)
You continue eating. x2
You finish eating.
That bread ration really hit the spot!
You climb downwards.
There is a stone staircase leading up here.
You swap places.
The orc priest invokes the aid of Beogh against you.
Something smites you!
The orc priest invokes the aid of Beogh against you.
Something smites you!
You hit the orc priest. You burn the orc priest.
The orc priest is heavily wounded.
The orc priest calls down the wrath of Beogh upon you.
Something smites you!
* * * LOW HITPOINT WARNING * * *
You miss the orc priest.
The orc priest is heavily wounded.
The orc priest calls down the wrath of Beogh upon you.
Something smites you!
You die...

#.#.##.#####.#. #
#.#.##.# #.# #
.#..##.## #.#
######### #.....#
#.# .........
#.##...# #.#
######..# #..o# #.#
##.# ###o# #<# #.#
#.# #5# #≈.≈^ # #)#
#@# #.._≈≈
#.#####.####o#
♣..♣♣.
#.).)....o..o#####
♣.. ≈
#.#..)).............
..≈ ≈
#...####.##########.
##. _ ...... #.# ##
≈ ###.. #.# ### #.#
#.!


You could see an orc priest, an orc and a friendly crimson imp.

Vanquished Creatures
  2 orc priests (D:3)
  An adder (D:2)
  2 oozes (D:1)
  A worm (D:2)
  2 giant geckos
  11 orcs (D:3)
  6 bats
  2 giant cockroaches
  8 goblins
  5 hobgoblins
  A ball python (D:2)
  A giant newt (D:2)
  2 gnoll zombies (D:2)
  4 jackals (D:1)
  6 kobolds
  8 rats
62 creatures vanquished.

Vanquished Creatures (collateral kills)
  An orc wizard (D:3)
  5 orcs (D:3)
6 creatures vanquished.

Grand Total: 68 creatures vanquished

Notes
Turn   | Place    | Note
--------------------------------------------------------------
     0 | Abyss:1  | Gargoyl the Demonspawn Abyssal Knight began the quest for the Orb.
     0 | Abyss:1  | Reached XP level 1. HP: 18/18 MP: 2/2
    32 | Abyss:1  | Noticed a sixfirhy
    32 | Abyss:1  | Noticed a demonic crawler
    35 | D:1      | Escaped the Abyss
   305 | D:1      | Reached skill level 1 in Dodging
   305 | D:1      | Gained mutation: You are surrounded by a mild repulsion field (EV +2). [demonic ancestry]
   305 | D:1      | Reached XP level 2. HP: 20/24 MP: 4/4
   554 | D:1      | Reached * piety under Lugonu
   856 | D:1      | Reached XP level 3. HP: 26/29 MP: 5/5
  1269 | D:2      | Found a deep blue altar of Sif Muna.
  1814 | D:2      | Found a faded altar to an unknown god.
  2030 | D:2      | Found a basalt altar of Yredelemnul.
  2683 | D:2      | Found a bloodstained altar of Trog.
  2897 | D:3      | Found a shimmering altar of Xom.
  2900 | D:3      | Found a shimmering altar of Xom.
  2900 | D:3      | Found a shimmering altar of Xom.
  2957 | D:3      | Gained mutation: A weak demonic guardian rushes to your aid. [demonic ancestry]
  2957 | D:3      | Reached XP level 4. HP: 34/36 MP: 6/6
  2982 | D:3      | Reached ** piety under Lugonu
  3285 | D:3      | Reached XP level 5. HP: 19/42 MP: 2/7
  3945 | D:3      | Killed from afar by an orc priest

Action                   |  1- 3 |  4- 6 || total
-------------------------+-------+-------++-------
Melee: Hand axe          |   171 |    79 ||   250
Invok: Depart the Abyss  |     1 |       ||     1
  Use: Scroll            |     8 |       ||     8
       Potion            |       |     3 ||     3
  Eat: Chunk             |     4 |     1 ||     5
       Bread ration      |     1 |     1 ||     2
